 Dungeon Crawl Stone Soup version 0.28-a0-479-g5baa6b73be (webtiles) character file.

Game seed: 15299990197049891912

380 Rennog the Digger (level 6, -1/36 HPs)
             Began as a Gargoyle Earth Elementalist on Sept 17, 2021.
             Killed by divine providence
             ... invoked by an orc priest
              (11 damage)
             ... on level 4 of the Dungeon.
             The game lasted 00:06:22 (4579 turns).

Rennog the Digger (Gargoyle Earth Elementalist)     Turns: 4579, Time: 00:06:22

Health: -1/36      AC:  8    Str: 12    XL:     6   Next: 75%
Magic:  12/12      EV: 11    Int: 17    God:
Gold:   180        SH:  0    Dex: 10    Spells: 10/13 levels left

rFire   . . .      SeeInvis .   k - +1 hand axe (flame)
rCold   . . .      Faith    .   (no shield)
rNeg    + . .      Spirit   .   b - +0 robe
rPois   ∞          Reflect  .   o - +0 helmet
rElec   +          Harm     .   (no cloak)
rCorr   .          Rampage  .   (no gloves)
Will    .....                   h - +0 pair of boots
Stlth   ++........              (no amulet)
HPRegen 0.12/turn               (no ring)
MPRegen 0.13/turn               (no ring)

@: no status effects
A: sickness immunity, AC +4, negative energy resistance 1, electricity
resistance, torment resistance 1, petrification resistance
a: no special abilities


You were on level 4 of the Dungeon.
You visited 1 branch of the dungeon, and saw 4 of its levels.

You collected 180 gold pieces.

Inventory:

Hand Weapons
 k - a +1 hand axe of flaming (weapon)
Missiles
 c - 83 stones
Armour
 b - a +0 robe (worn)
 e - a +0 chain mail
 h - a +0 pair of boots (worn)
 o - a +0 helmet (worn)
Jewellery
 d - a ring of fire
Wands
 p - a wand of polymorph (9)
Scrolls
 a - a scroll of identify
 g - 2 scrolls of vulnerability
 i - 2 scrolls of blinking
 m - 2 scrolls of magic mapping
Potions
 f - 3 potions of cancellation
 j - 2 potions of degeneration
 l - a potion of heal wounds
 n - a potion of invisibility


   Skills:
 + Level 2.6 Fighting
 - Level 1.5 Dodging
 - Level 2.1 Stealth
 * Level 4.0 Spellcasting
 + Level 2.5 Conjurations
 - Level 0.7 Transmutations
 * Level 5.9 Earth Magic


You had 10 spell levels left.
You knew the following spells:

 Your Spells              Type           Power      Damage    Failure   Level
a - Sandblast             Erth           46%        2d11      1%          1
b - Passwall              Tmut/Erth      11%        N/A       6%          2

Your spell library contained the following spells:

 Spells                   Type           Power      Damage    Failure   Level
 Stone Arrow              Conj/Erth      34%        3d9       9%          3
 Petrify                  Tmut/Erth      14%        N/A       36%         4
 Frozen Ramparts          Ice            6%         1d2       43%         3
 Ice Form                 Ice/Tmut       4%         N/A       80%         4
 Summon Ice Beast         Ice/Summ       3%         N/A       83%         4


Dungeon Overview and Level Annotations

Branches:
Dungeon (4/15)
 Temple: D:4-7

Altars:


Innate Abilities, Weirdness & Mutations

You are immune to sickness and miasma.
Your stone body is resilient. (AC +4)
You are immune to poison.
You resist negative energy. (rN+)
You are resistant to electric shocks. (rElec)
You are resistant to unholy torment.
You are immune to petrification.


Message History

As you read the scroll of identify, it crumbles to dust.
m - 2 scrolls of magic mapping
As you read the scroll of identify, it crumbles to dust.
l - a potion of heal wounds
As you read the scroll of identify, it crumbles to dust.
n - a potion of invisibility Key pressed, stopping explore.
An orc comes into view. It is wielding a +0 flail.
An orc is nearby!
An orc is nearby!
The orc shouts!
You hear a shout!
You hit the orc but do no damage. The orc hits you but does no damage.
An orc priest comes into view. It is wielding a +1 antimagic trident.
The orc hits you with a +0 flail.
You closely miss the orc.
An orc comes into view. It is wielding a +0 flail.
An orc comes into view. It is wielding a +0 club.
The orc shouts!
The orc priest shouts!
You hit the orc. You burn the orc.
You kill the orc!
You hear an angry hiss.
A giant cockroach comes into view.
The orc priest mumbles some strange prayers to Beogh against you.
Beogh smites you!
You are too injured to fight recklessly!
You are too injured to fight recklessly!
You are too injured to fight recklessly!
You are too injured to fight recklessly!
You are too injured to fight recklessly!
You are too injured to fight recklessly!
You are too injured to fight recklessly!
You are too injured to fight recklessly!
You are too injured to fight recklessly!
The orc priest miscasts a cantrip.
The orc priest invokes the aid of Beogh against you.
Beogh smites you!
* * * LOW HITPOINT WARNING * * *
The orc priest calls down the wrath of Beogh upon you.
Beogh smites you!
You die...

#.........# #..........
#.........# # #.........# ..
########.##.....
#.##########.oB..........)#
#............###..#.#).#...
#....)..o#####.##...)....
#.......@....o......##.)#
............###....###.#..).
...##.......# #.##.##.......
. #.......# #.##.##.#.....
####.##........#..#..###
....###...####.#...# .###.
#..[. #....## . #. ...#.
#.... .#.# # .....


You could see an orc priest and an orc.

Vanquished Creatures
  A phantom (D:4)
  A scorpion (D:4)
  A hound (D:4)
  An orc wizard (D:3)
  2 hound skeletons
  Robin (D:3)
  3 gnolls (D:4)
  2 adders
  2 worms
  A dart slug (D:2)
  8 orcs
  6 bats
  4 endoplasms
  7 giant cockroaches
  15 goblins
  5 hobgoblins
  3 jackals (D:3)
  3 quokkas
  8 ball pythons
  5 frilled lizards
  8 kobolds
  5 rats
92 creatures vanquished.

Notes
Turn   | Place    | Note
-------+----------+-------------------------------------------
     0 | D:1      | Rennog the Gargoyle Earth Elementalist began the quest for
                  | the Orb.
     0 | D:1      | Reached XP level 1. HP: 10/10 MP: 3/3
   259 | D:1      | Reached XP level 2. HP: 7/16 MP: 3/5
   728 | D:1      | Learned a level 2 spell: Passwall
  1092 | D:1      | Reached skill level 4 in Earth Magic
  1170 | D:1      | Reached skill level 1 in Conjurations
  1345 | D:1      | Reached skill level 1 in Fighting
  1345 | D:1      | Reached XP level 3. HP: 20/20 MP: 6/6
  2163 | D:2      | Found a faded altar of an unknown god.
  2920 | D:3      | Reached XP level 4. HP: 15/25 MP: 5/8
  3157 | D:3      | Reached XP level 5. HP: 24/30 MP: 7/9
  3314 | D:3      | Noticed Robin
  3692 | D:3      | Reached skill level 5 in Earth Magic
  3695 | D:3      | Killed Robin
  4101 | D:4      | Reached XP level 6. HP: 30/35 MP: 11/11
  4579 | D:4      | Killed from afar by an orc priest

Illustrated notes

Levels and vault maps discovered:
D:1:      sevenhm_arrival_forest_fort_large_2, layout_basic, nrook_mini_vaults,
          chequers_serial_rivers_small_a, minmay_ruptured
D:2:      layout_basic, hellmonk_ecumenical_altar_lost_god, grunt_decor_fettered
D:3:      layout_rooms, item_on_display_a, uniq_robin
D:4:      layout_rooms, kennysheep_little_box, temple_statues

Skill      XL: |  1  2  3  4  5  6 |
---------------+-------------------+-----
Earth Magic    | 4 5 |  5.9
Conjurations   | 1 2 |  2.5
Fighting       | 1 2 |  2.6
Spellcasting   | 3 4 |  4.0
Dodging        | |  1.5
Stealth        | |  2.1
Transmutations | |  0.7

Action                   |  1- 3 |  4- 6 || total
-------------------------+-------+-------++-------
Melee: Dagger            |    66 |       ||    66
       Hand axe          |    51 |   105 ||   156
 Cast: Sandblast         |    11 |    29 ||    40
  Use: Scroll            |       |     7 ||     7
 Stab: Sleeping          |     3 |       ||     3
Armor: Robe              |    43 |    64 ||   107
Dodge: Dodged            |    55 |    86 ||   141

Table legend: (Time is in decaauts)
 A = Elapsed time spent in this place.
 B = Non-inter-level travel time spent in this place.
 C = Inter-level travel time spent in this place.
 D = Time resting spent in this place.
 E = Time spent auto-exploring this place.
 F = Levels seen in this place.
 G = Mean time per level.
                   A        B        C        D        E       F      G
               +--------+--------+--------+--------+--------+-----+--------+
         Total |   4628 |   4510 |    118 |    175 |   3602 |   4 | 1157.0 |
       Dungeon |   4628 |   4510 |    118 |    175 |   3602 |   4 | 1157.0 |
               +--------+--------+--------+--------+--------+-----+--------+

Top non-repeatable levels by time:
     D:1: 1682 daAuts
     D:2: 1432 daAuts
     D:3: 907 daAuts
     D:4: 606 daAuts
